 Dungeon Crawl Stone Soup version 0.29-a0-1027-gcd8c55af63 (webtiles) character file.

Game seed: 2699859930085488522

355 siradein the Trooper (level 6, 0/47 (56) HPs)
             Began as a Hill Orc Fighter on Aug 13, 2022.
             Slain by Edmund
             ... wielding a +5 flail of draining
              (1 damage)
             ... on level 4 of the Dungeon.
             The game lasted 00:08:44 (3859 turns).

siradein the Trooper (Hill Orc Fighter)             Turns: 3859, Time: 00:08:44

HP:   0/47 (56)     AC: 10    Str: 21    XL:     6   Next: 63%
MP:   6/6           EV:  7    Int:  8    God:
Gold: 238           SH:  4    Dex: 10    Spells: 5/5 levels left

rFire   . . .      SeeInvis .   a - +0 war axe
rCold   . . .      Faith    .   c - +0 buckler
rNeg    . . .      Spirit   .   p - +0 chain mail
rPois   .          Reflect  .   (no helmet)
rElec   .          Harm     .   (no cloak)
rCorr   .          Rampage  .   j - +0 pair of gloves
Will    .....                   (no boots)
Stlth   ..........              (no amulet)
HPRegen 0.15/turn               (no ring)
MPRegen 0.10/turn               (no ring)

@: slowed, heavily drained, invisible, very slow
A: no striking features
a: no special abilities


You were on level 4 of the Dungeon.
You visited 1 branch of the dungeon, and saw 4 of its levels.

You collected 249 gold pieces.
You spent 11 gold pieces at shops.

Inventory:

Hand Weapons
 a - a +0 war axe (weapon)
Missiles
 k - 5 javelins (quivered)
Armour
 c - a +0 buckler (worn)
 j - a +0 pair of gloves (worn)
 p - a +0 chain mail (worn)
Jewellery
 m - a +6 ring of intelligence
Wands
 r - a wand of flame (10)
Scrolls
 b - a scroll of fog {unknown}
 f - a scroll of identify
 g - 3 scrolls of teleportation {unknown}
 i - a scroll of fear {unknown}
 s - a scroll of silence {unknown}
 t - a scroll of torment {unknown}
Potions
 d - a potion of might
 e - 4 potions of haste
 h - a potion of resistance {unknown}
 l - a potion of brilliance {unknown}
 o - 3 potions of attraction
 q - 2 potions of flight {unknown}
 u - 2 potions of cancellation {unknown}


   Skills:
 + Level 5.3 Fighting
 + Level 5.0 Axes
 + Level 4.8 Armour
 + Level 4.9 Shields


You had 5 spell levels left.
You didn't know any spells.
Your spell library contained the following spells:

 Spells                   Type           Power      Damage    Failure   Level
 Blade Hands              Tmut           0%         N/A       100%        5
 Irradiate                Conj/Tmut      0%         3d11      100%        5
 Dragon Form              Tmut           0%         N/A       100%        7


Dungeon Overview and Level Annotations

Branches:
Dungeon (4/15)
 Temple: D:4-7

Altars:
Vehumet

Shops:
D:1 *

Annotations:
D:4 Edmund, Natasha


Message History

You feel drained. Natasha claws you but does no damage.
The adder hisses angrily.
You hit Edmund.
Edmund is lightly wounded.
You hit Natasha.
The adder hisses angrily.
Edmund hits you with a +5 flail of draining.
You feel drained.
Natasha zaps a wand.
The puff of flame hits you.
Edmund hits you with a +5 flail of draining!
You feel drained.
You are too injured to fight recklessly!
Unknown command.
You are too injured to fight recklessly!
Unknown command.
You are too injured to fight recklessly!
Unknown command.
You hit Edmund but do no damage.
Edmund is lightly wounded.
You hit Natasha but do no damage.
You feel yourself speed up. Natasha casts a spell at you.
You feel yourself slow down. Edmund hits you but does no damage.
You feel drained. Natasha casts a spell at you. The magic dart hits you.
* * * LOW HITPOINT WARNING * * *
Edmund closely misses you.
Unknown command.
You hit Edmund but do no damage.
Edmund is lightly wounded.
You slash Natasha!
The adder hisses angrily.
Natasha zaps a wand.
The puff of flame hits you.
* * * LOW HITPOINT WARNING * * *
You block Edmund's attack.
Natasha zaps a wand.
The puff of flame hits you!
* * * LOW HITPOINT WARNING * * *
Edmund hits you with a +5 flail of draining.
* * * LOW HITPOINT WARNING * * *
You feel drained.
You die...

.###...............##.#.......#
## #...........##............##
.###............#..#.##......##
..................##..##......#
..................#.........###
#..#.................#.....##
#..#......................##
.........<.......h.......##
#.####..........@@.......#
#.###..#######..##.......#
...#...# #.........### ......##
###..........##
#..#..#.###.......>.....#
#..##..........#........#
#...## #.#..####........#
....)###.#..## #........#
.........#...# #.........


You could see Edmund (unable to see you) and Natasha.

Vanquished Creatures
  A black bear (D:3)
  An orc priest (D:3)
  Ijyb (D:3)
  Natasha (D:4)
  An iguana (D:4)
  An orc wizard (D:3)
  A gnoll (D:1)
  3 adders
  A worm (D:3)
  2 dart slugs
  8 orcs
  10 ball pythons
  4 bats
  4 endoplasms
  5 giant cockroaches
  6 hobgoblins
  7 jackals
  5 kobolds
  A quokka (D:2)
  6 frilled lizards (D:1)
  9 goblins
  9 rats
87 creatures vanquished.

Notes
Turn   | Place    | Note
-------+----------+-------------------------------------------
     0 | D:1      | siradein the Hill Orc Fighter began the quest for the Orb.
     0 | D:1      | Reached XP level 1. HP: 19/19 MP: 1/1
   191 | D:1      | Reached XP level 2. HP: 13/27 MP: 2/2
   670 | D:1      | Reached XP level 3. HP: 33/33 MP: 3/3
   715 | D:1      | Found Fuetibac's General Store.
   720 | D:1      | Bought a potion of degeneration for 11 gold pieces
  1740 | D:2      | Reached XP level 4. HP: 40/40 MP: 4/4
  2384 | D:3      | Found a faded altar of an unknown god.
  2401 | D:3      | Reached XP level 5. HP: 33/47 MP: 5/5
  2836 | D:3      | Noticed Ijyb
  2850 | D:3      | Killed Ijyb
  3141 | D:3      | Noticed a black bear
  3151 | D:3      | Killed a black bear
  3152 | D:3      | Reached skill level 5 in Fighting
  3152 | D:3      | Reached XP level 6. HP: 56/56 MP: 6/6
  3362 | D:4      | Noticed Natasha
  3372 | D:4      | Killed Natasha
  3568 | D:4      | Reached skill level 5 in Axes
  3651 | D:4      | Noticed Edmund
  3777 | D:4      | Found a radiant altar of Vehumet.
  3847 | D:4      | Noticed Natasha
  3859 | D:4      | HP: 1/48 [Edmund/+5 flail of draining (3)]
  3859 | D:4      | Slain by Edmund

Illustrated notes

Levels and vault maps discovered:
D:1:      elethiomel_arrival_maze, layout_basic, serial_shops, shop
D:2:      layout_loops_cross, minmay_misc_feat_rugged,
          chequers_serial_rivers_small_b
D:3:      layout_basic, nicolae_ecumenical_snake_handling, uniq_ijyb
D:4:      layout_cave_pools, nicolae_vehumet_radiance, uniq_natasha, uniq_edmund

Skill      XL: |  1  2  3  4  5  6 |
---------------+-------------------+-----
Axes           | 3 4 5 |  5.0
Fighting       | 4 5 |  5.3
Shields        | 4 |  4.9
Armour         | 4 |  4.8

Action                   |  1- 3 |  4- 6 || total
-------------------------+-------+-------++-------
Melee: War axe           |   112 |   160 ||   272
  Use: Scroll            |       |     3 ||     3
       Potion            |       |     1 ||     1
Armor: Scale mail        |    46 |    11 ||    57
       Chain mail        |       |    77 ||    77
Dodge: Dodged            |    53 |    49 ||   102
Block: Buckler           |    28 |    37 ||    65

Table legend: (Time is in decaauts)
 A = Elapsed time spent in this place.
 B = Non-inter-level travel time spent in this place.
 C = Inter-level travel time spent in this place.
 D = Time resting spent in this place.
 E = Time spent auto-exploring this place.
 F = Levels seen in this place.
 G = Mean time per level.
                   A        B        C        D        E       F      G
               +--------+--------+--------+--------+--------+-----+--------+
         Total |   3959 |   3770 |    189 |      0 |   3066 |   4 |  989.8 |
       Dungeon |   3959 |   3770 |    189 |      0 |   3066 |   4 |  989.8 |
               +--------+--------+--------+--------+--------+-----+--------+

Top non-repeatable levels by time:
     D:1: 1410 daAuts
     D:3: 1038 daAuts
     D:2: 1024 daAuts
     D:4: 486 daAuts
